 Seeded DCSS version 0.30.1-11-g7821555f0a (webtiles) character file.

Game seed: 5129858224507802926 (custom seed)

163 Psyclone the Conjurer (level 5, 7/45 HPs)
             Began as a Draconian Conjurer on Nov 13, 2023.
             Quit the game on level 4 of the Dungeon.
             The game lasted 00:01:49 (844 turns).

Psyclone the Conjurer (Draconian Conjurer)           Turns: 844, Time: 00:01:50

Health: 7/45       AC:  5    Str:  9    XL:     5   Next: 20%
Magic:  1/9        EV: 12    Int: 20    God:
Gold:   79         SH:  0    Dex: 10    Spells: 7/10 levels left

rFire   + + .        (no weapon)
rCold   . . .        (no shield)
rNeg    . . .        (body armour unavailable)
rPois   .            (helmet restricted)
rElec   .            (no cloak)
rCorr   .            (no gloves)
SInv    .            (no boots)
Will    .....        (no amulet)
Stlth   ++           (no ring)
HPRegen 0.27/turn    (no ring)
MPRegen 0.11/turn

%: no passive effects
@: no status effects
A: AC +5, unfitting armour, cold-blooded, horns 1, fire resistance 2, robust 2,
wild magic 1, evolution 1
a: no special abilities


You were on level 4 of the Dungeon.
You visited 1 branch of the dungeon, and saw 4 of its levels.

You collected 79 gold pieces.

Inventory:

Scrolls
 c - a scroll of amnesia {unknown}
 d - a scroll of vulnerability {unknown}
 f - a scroll of identify {unknown}
Potions
 a - a potion of magic
 b - a potion of might {unknown}
 e - a potion of mutation


   Skills:
 - Level 1.7 Dodging
 - Level 1.7 Stealth
 + Level 3.3 Spellcasting
 * Level 5.8 Conjurations


You had 7 spell levels left.
You knew the following spells:

 Your Spells              Type           Power      Damage    Failure   Level
a - Magic Dart            Conj           100%       1d8       2%          1
b - Searing Ray           Conj           68%        2d6       3%          2

Your spell library contained the following spells:

 Spells                   Type           Power      Damage    Failure   Level
 Dazzling Flash           Conj/Hex       38%        N/A       17%         3
 Fulminant Prism          Conj/Hex       9%         3d7       47%         4
 Iskenderun's Mystic Bla  Conj/Tloc      19%        2d6       47%         4


Dungeon Overview and Level Annotations

Branches:
Dungeon (4/15) Zot: 23156  Temple (0/1) D:4

Altars:
Elyvilon

Shops:
D:2 =

Annotations:
D:4 Eustachio


Innate Abilities, Weirdness & Mutations

Your plain brown scales are hard. (AC +5)
You cannot fit into any form of body armour.
You are cold-blooded and may be slowed by cold attacks.
You have a pair of small horns on your head.
Your flesh is very heat resistant. (rF++)
You are very robust. (+20% HP)
Your spells are a little harder to cast, but a little more powerful.
You have hidden genetic potential.


Message History

Press: ? - help, Shift-Dir - straight line, f/p - Eustachio
Aim: Eustachio, wielding a +0 rapier and wearing a +0 leather armour (lightly wounded, 73% to hit)
The searing ray misses Eustachio. (Press . to maintain the ray.) Eustachio casts a spell.
The orc priest looks encouraged for a moment.
You now have 2/9 mp.
The searing ray hits Eustachio.
Eustachio is moderately wounded.
An orc comes into view. It is wielding a +0 short sword.
Eustachio hits you with a +0 rapier. The river rat misses you.
You take 2 damage, and have 34/45 hp.
You now have 1/9 mp.
The searing ray hits Eustachio.
Eustachio is moderately wounded.
The orc shouts!
Eustachio utters an oath, "I will die for my friends!"
Eustachio hits you with a +0 rapier. The orc barely misses you.
The river rat bites you.
You take 10 damage, and have 24/45 hp.
MASSIVE DAMAGE!!
You now have 0/9 mp.
You barely miss Eustachio.
Your tail-slap misses Eustachio.
Eustachio is moderately wounded.
Eustachio gestures wildly while chanting.
The orc hits you with a +0 club.
The orc priest calls down the wrath of Beogh upon you.
Beogh smites you!
* * * LOW HITPOINT WARNING * * *
The river rat barely misses you.
You take 16 damage, and have 8/45 hp.
MASSIVE DAMAGE!!
You hit Eustachio but do no damage.
You tail-slap Eustachio, but do no damage.
Eustachio is moderately wounded.
The orc hits you but does no damage. Eustachio hits you but does no damage.
The orc priest hits you from afar with a +0 trident.
* * * LOW HITPOINT WARNING * * *
The rat twitches its whiskers.
The rat barely misses you. The river rat closely misses you.
You take 1 damage, and have 7/45 hp.
Unknown command.
Unknown command.
Are you sure you want to abandon this character and quit the game? (Confirm with "yes".)

...###...###...#.......#
# ##.## #####.......#
#.# #..........# #.#
#..........# ...
#..........# .⌠.
#..........# #.. ##
###.#####.## #.##..#...#
.# ......r@### .
######ro@o# . #.rr.o..
.?#..##$.# #.. .## .#
..# ## ..# ..#


You could see Eustachio, an orc priest, a river rat (summoned), 2 orcs, a quokka
(summoned) and 2 rats.

Vanquished Creatures
  2 orc priests
  An iguana (D:4)
  2 orc wizards
  A dart slug (D:2)
  5 orcs
  2 bats (D:2)
  3 endoplasms
  3 goblins
  2 hobgoblins (D:2)
  A quokka (D:2)
  2 ball pythons (D:2)
  A rat (D:1)
25 creatures vanquished.

Notes
Turn   | Place    | Note
-------+----------+-------------------------------------------
     0 | D:1      | Psyclone the Draconian Conjurer began the quest for the
                  | Orb.
     0 | D:1      | Reached XP level 1. HP: 14/14 MP: 3/3
   100 | D:2      | Gained mutation: Your flesh is heat resistant. (rF+)
                  | [potion of mutation]
   100 | D:2      | Gained mutation: You are robust. (+10% HP) [potion of
                  | mutation]
   100 | D:2      | Gained mutation: You have a beak for a mouth. [potion of
                  | mutation]
   100 | D:2      | Gained mutation: You passively dampen the noise of your
                  | surroundings. [potion of mutation]
   151 | D:2      | Found Zutuxkoi's Jewellery Shop.
   227 | D:2      | Lost mutation: You passively dampen the noise of your
                  | surroundings. [potion of mutation]
   227 | D:2      | Lost mutation: You have a beak for a mouth. [potion of
                  | mutation]
   227 | D:2      | Gained mutation: You have a pair of small antennae on your
                  | head. [potion of mutation]
   227 | D:2      | Gained mutation: Your spells are a little harder to cast,
                  | but a little more powerful. [potion of mutation]
   227 | D:2      | Gained mutation: Your flesh is very heat resistant. (rF++)
                  | [potion of mutation]
   227 | D:2      | Gained mutation: You are strong-willed. (Will+) [potion of
                  | mutation]
   289 | D:2      | Reached XP level 2. HP: 22/22 MP: 1/5
   391 | D:2      | Learned a level 2 spell: Searing Ray
   460 | D:3      | Reached XP level 3. HP: 19/28 MP: 1/6
   461 | D:3      | Reached skill level 5 in Conjurations
   461 | D:3      | Reached XP level 4. HP: 24/36 MP: 0/8
   541 | D:3      | Lost mutation: You are strong-willed. (Will+) [potion of
                  | mutation]
   541 | D:3      | Lost mutation: You have a pair of small antennae on your
                  | head. [potion of mutation]
   541 | D:3      | Gained mutation: You have a pair of small horns on your
                  | head. [potion of mutation]
   541 | D:3      | Gained mutation: You have hidden genetic potential. [potion
                  | of mutation]
   654 | D:4      | Found a staircase to the Ecumenical Temple.
   731 | D:4      | Found a white marble altar of Elyvilon.
   745 | D:4      | Reached XP level 5. HP: 36/41 MP: 1/9
   763 | D:4      | Gained mutation: You are very robust. (+20% HP) [hidden
                  | potential]
   834 | D:4      | Noticed Eustachio
   844 | D:4      | Quit the game

Illustrated notes

Levels and vault maps discovered:
D:1:      saegor_arrival_simple_c, layout_rooms, serial_shops, shop,
          kennysheep_nondescript, minmay_misc_feat_ornament
D:2:      layout_basic, serial_shops, nicolae_shop_tiny_statue_garden,
          nicolae_shop_scrapyard, shop, shop
D:3:      layout_loops_ring
D:4:      layout_rooms, elyvilon_altar_1, minmay_temple_entry_trees,
          uniq_eustachio

Skill      XL: |  1  2  3  4 |
---------------+-------------+-----
Conjurations   | 5 |  5.8
Spellcasting   | 3 |  3.3
Dodging        | |  1.7
Stealth        | |  1.7

Action                     |  1- 3 |  4- 6 || total
---------------------------+-------+-------++-------
  Melee: Unarmed           |       |     2 ||     2
         Tailslap          |       |     1 ||     1
   Cast: Magic Dart        |    17 |     3 ||    20
         Searing Ray       |     1 |     7 ||     8
    Use: Potion            |     2 |     1 ||     3
 Armour: Skin              |     2 |     4 ||     6
  Dodge: Dodged            |     2 |    12 ||    14
